 Dungeon Crawl Stone Soup version 0.13-a0-2942-g3a822f8 (webtiles) character file.

577 4tharraofdagon the Chopper (level 6, -5/71 HPs)
             Began as a Djinni Berserker on Sept 5, 2013.
             Was a Priest of Trog.
             Killed by divine providence
             ... invoked by an orc priest
              (14 damage)
             ... on Level 6 of the Dungeon.
             The game lasted 00:05:48 (1043 turns).

4tharraofdagon the Chopper (Djinni Berserker)       Turns: 1043, Time: 00:05:48

HP  -5/71        AC  8     Str 24      XL: 6   Next: 78%
MP   0/0         EV 10     Int  7      God: Trog [***...]
Gold 118         SH  0     Dex 13      Spells:  0 memorised,  5 levels left

Res.Fire  : + + +   See Invis. : .   k - +2,+3 orc war axe
Res.Cold  : . . .   Warding    : .   j - +0 orc ring mail
Life Prot.: + + +   Conserve   : .   (no shield)
Res.Poison: .       Res.Corr.  : .   (no helmet)
Res.Elec. : .       Clarity    : .   c - +0 cloak
Sust.Abil.: . .     Spirit.Shd : .   e - +0 pair of elf gauntlets
Res.Mut.  : .       Stasis     : .   (boots unavailable)
Res.Rott. : .       Flight     : .   (no amulet)
Saprovore : . . .                    (no ring)
                                     l - cursed ring of ice

@: regenerating, berserking, very slightly contaminated, very quick, quite
resistant to hostile enchantments, extremely unstealthy
A: fire immunity, cold vulnerability, life protection 3
a: Burn Spellbooks, Berserk, Trog's Hand, Renounce Religion


You were on level 6 of the Dungeon.
You worshipped Trog.
Trog was greatly pleased with you.
You were not hungry.

You visited 1 branch of the dungeon, and saw 6 of its levels.

You collected 98 gold pieces.

Inventory:

Hand weapons
 a - a +0,+0 hand axe {=f}
 k - a +2,+3 orcish war axe (weapon)
Armour
 b - a +0 animal skin
 c - a +0 cloak (worn)
 e - a +0 pair of elven gauntlets (worn)
 j - a +0 orcish ring mail (worn)
Scrolls
 f - 2 scrolls of noise {unknown}
 g - a scroll of curse jewellery
 h - 2 scrolls of identify {unknown}
 i - a scroll of enchant armour {unknown}
 n - a scroll of remove curse {unknown}
 o - 2 scrolls of fear {unknown}
 q - a scroll of enchant weapon I {unknown}
Jewellery
 l - a cursed ring of ice (left hand)
 m - an uncursed amulet of clarity {unknown}
Potions
 d - a potion of brilliance {unknown}
 p - a potion of mutation {unknown}


   Skills:
 + Level 4.1 Fighting
 * Level 5.4 Axes
 + Level 4.3 Armour
 - Level 1.7 Dodging


You had 5 spell levels left.
You didn't know any spells.

Dungeon Overview and Level Annotations

Branches:
Dungeon (6/27)
 Temple: D:4-7          Orc: D:6-11

Altars:


Innate Abilities, Weirdness & Mutations

You are immune to all types of fire, even holy and hellish.
You are vulnerable to cold.
You need no food.
You have no legs.
You are immune to negative energy.


Message History

Trog accepts your kill.
Your Axes skill increases to level 5!
Your Armour skill increases to level 4!
You closely miss the hobgoblin.
The hobgoblin is severely wounded.
The crimson imp blinks!
An orc comes into view. It is wielding an orcish flail.
Unknown command.
Unknown command.
You barely miss the hobgoblin.
The hobgoblin is severely wounded.
You slash the black bear!
You kill the black bear!
Trog accepts your kill.
Your Fighting skill increases to level 4!
The orc hits you from afar with an orcish trident!
* * * LOW HITPOINT WARNING * * *
The hobgoblin barely misses you.
The orc priest invokes the aid of Beogh against you.
Something smites you!
You die...

.....o... .........(. .
..........).. .....
................## ##....
..................###.....
.........(o.........#......
..........ooo...............
##.........)g).......(.......
#..........)@%.......(.......
##..........))...........(....
#...#.....................(...
#..#......5...................
#..#...............(.........
##...#.................#§.....
#.###.#.§.............###.....
#....................## ##....
##....................###(....


You could see 2 orc priests, an orc wizard, a crimson imp, 2 orcs and a
hobgoblin.

Vanquished Creatures
  A black bear (D:6)
  An ogre (D:6)
  Sigmund (D:3)
  3 scorpions
  The ghost of 4tharraofdagon the Firebug, a weakling DgFE (D:3)
  2 adders (D:3)
  A giant mite (D:3)
  A worm (D:3)
  An adder skeleton (D:4)
  2 oozes
  8 orcs
  9 hobgoblins
  6 jackals
  12 kobolds
  2 ball pythons
  6 bats
  3 giant geckos
  7 goblins
  A quokka (D:5)
  5 rats
73 creatures vanquished.

Notes
Turn   | Place    | Note
--------------------------------------------------------------
     0 | D:1      | 4tharraofdagon, the Djinni Berserker, began the quest for the Orb.
     0 | D:1      | Reached XP level 1. HP: 16/16 MP: 0/0
   111 | D:2      | Reached XP level 2. EP: 13/22
   137 | D:2      | Reached skill level 3 in Axes
   217 | D:2      | Acquired Trog's second power
   290 | D:3      | Reached XP level 3. EP: 26/29
   526 | D:4      | Noticed a phantom
   570 | D:4      | Reached XP level 4. EP: 35/35
   592 | D:3      | Reached skill level 4 in Axes
   677 | D:3      | Noticed Sigmund
   689 | D:3      | Killed Sigmund
   689 | D:3      | Reached XP level 5. EP: 41/41
   708 | D:3      | Noticed 4tharraofdagon's ghost (weakling DgFE)
   728 | D:3      | Killed 4tharraofdagon's ghost
   782 | D:4      | hurdos: Hi
   841 | D:4      | 4tharraofdagon: hi
   862 | D:5      | Entered Level 5 of the Dungeon
   879 | D:5      | Reached XP level 6. EP: 48/48
  1042 | D:6      | Reached skill level 5 in Axes
  1043 | D:6      | hurdos: What's happening with HuFE?
  1043 | D:6      | Killed from afar by an orc priest

Action                   |  1- 3 |  4- 6 || total
-------------------------+-------+-------++-------
Melee: Hand axe          |   116 |       ||   116
       War axe           |    11 |    66 ||    77
Invok: Berserk           |     5 |     4 ||     9
       Trog's Hand       |     2 |     4 ||     6
  Use: Scroll            |       |     1 ||     1
